 Dungeon Crawl Stone Soup version 0.25-a0-290-g4a1327ee3a (webtiles) character file.

Game seed: 14925160172011078727, levelgen mode: classic

56 Borgoz the Chopper (level 3, 0/33 HPs)
             Began as a Hill Orc Berserker on Dec 14, 2019.
             Was a Believer of Trog.
             Slain by a gnoll
             ... wielding a +0 spear
              (5 damage)
             ... on level 2 of the Dungeon.
             The game lasted 00:01:18 (1235 turns).

Borgoz the Chopper (Hill Orc Berserker)             Turns: 1235, Time: 00:01:19

Health: 0/33       AC:  2    Str: 19    XL:     3   Next: 95%
Magic:  3/3        EV: 18    Int:  7    God:    Trog [**....]
Gold:   83         SH:  0    Dex: 16    Spells: 2/2 levels left

rFire    . . .     SeeInvis .   a - +0 hand axe
rCold    . . .     Gourm    .   (no shield)
rNeg     . . .     Faith    .   b - +0 animal skin
rPois    .         Spirit   .   (no helmet)
rElec    .         Reflect  .   (no cloak)
rCorr    .         Harm     .   (no gloves)
MR       ++...                  (no boots)
Stlth    ++........             (no amulet)
HPRegen  1.11/turn              (no ring)
MPRegen  0.08/turn              (no ring)

@: agile, regenerating
A: no striking features
a: Berserk, Trog's Hand, Renounce Religion


You were on level 2 of the Dungeon.
You worshipped Trog.
Trog was pleased with you.
You were not hungry.

You visited 1 branch of the dungeon, and saw 2 of its levels.

You collected 83 gold pieces.

Inventory:

Hand Weapons
 a - a +0 hand axe (weapon)
Armour
 b - a +0 animal skin (worn)
Scrolls
 d - 2 scrolls of enchant armour {unknown}
 e - 2 scrolls of identify {unknown}
 g - a scroll of noise {unknown}
 h - a scroll of random uselessness {unknown}
 i - a scroll of remove curse {unknown}
 k - a scroll of fog {unknown}
Comestibles
 c - 2 rations
 f - 2 chunks of flesh


   Skills:
 + Level 4.2 Fighting
 + Level 4.6 Axes
 + Level 2.9 Armour
 + Level 2.2 Dodging


You had 2 spell levels left.
You didn't know any spells.
Your spell library was empty.

Dungeon Overview and Level Annotations

Branches:
Dungeon (2/15)

Altars:


Message History

The gnoll closely misses you.
The kobold throws a stone.
The stone barely misses you.
You hit the gnoll.
You kill the gnoll!
Trog accepts your kill.
You hit the gnoll.
The gnoll hits you from afar with a +0 spear!
The gnoll hits you with a +0 club!
* * * LOW HITPOINT WARNING * * *
The kobold throws a stone.
The stone closely misses you.
Okay, then.
It was a potion of agility.
You feel agile all of a sudden.
The gnoll closely misses you. x3; The kobold throws a stone.
The stone barely misses you.
Your skin crawls.
You feel resistant to hostile enchantments.
You feel somewhat more hungry.
The gnoll hits you from afar with a +0 spear.
You die...

?.......## #........ #
#.......##.. #......K..
#....... #####
#####.....## #...#
.....g.....# #...#
.....gg@...###### #...#
####............###...#
##.(...#####.......#
...(....# #####...#
#.!>.....# #..>#
#........# #...#
.....###### #...# ....#
#...# ##.###


You could see 3 gnolls and a kobold.

Vanquished Creatures
  A gnoll (D:2)
  A worm (D:2)
  3 dart slugs (D:1)
  2 leopard geckos (D:1)
  5 giant cockroaches
  3 goblins (D:1)
  5 hobgoblins
  5 kobolds (D:1)
  4 bats (D:1)
  2 frilled lizards (D:1)
  4 rats
35 creatures vanquished.

Notes
Turn   | Place    | Note
-------+----------+-------------------------------------------
     0 | D:1      | Borgoz the Hill Orc Berserker began the quest for the Orb.
     0 | D:1      | Reached XP level 1. HP: 19/19 MP: 1/1
    45 | D:1      | Reached XP level 2. HP: 16/27 MP: 2/2
   516 | D:1      | Reached XP level 3. HP: 33/33 MP: 3/3
   635 | D:1      | Reached ** piety under Trog
  1186 | D:2      | Found a faded altar of an unknown god.
  1235 | D:2      | Slain by a gnoll

Levels and vault maps discovered:
D:1:      minmay_arrival_cross, layout_loops_cross, serial_park_tiny_2,
          chequers_serial_rivers_small_a, st_stairs_1, minmay_misc_feat_roman
D:2:      layout_rooms, chequers_ecumenical_altar_island,
          uniq_crazy_yiuf_cottage

Skill      XL: |  1  2  3 |
---------------+----------+-----
Fighting       | 4 |  4.2
Dodging        | 2 |  2.2
Axes           | |  4.6
Armour         | |  2.9

Action                   || total
-------------------------++-------
Melee: Hand axe          ||   104
Invok: Trog's Hand       ||     1
  Use: Potion            ||     1
  Eat: Chunk             ||     1
Armor: Animal skin       ||    20
Dodge: Dodged            ||    82

Table legend:
 A = Non-vault XP
 B = Vault XP
 C = Vault XP percentage of total XP
 D = Non-vault monster count
 E = Vault monster count
 F = Vault count percentage of total count
                 A         B        C        D         E       F
            +---------+---------+-------+---------+---------+-------
      Total |      77 |       3 |   3.8 |      33 |       2 |   5.7
            +---------+---------+-------+---------+---------+-------
        D:1 |      50 |       3 |   5.7 |      26 |       2 |   7.1
        D:2 |      27 |       0 |   0.0 |       7 |       0 |   0.0
            +---------+---------+-------+---------+---------+-------
